 Dungeon Crawl Stone Soup version 0.24.0-125-gc4c63601f3 (webtiles) character file.

Game seed: 9765670114143208013, levelgen mode: deterministic

46 Descartes the Scratcher (level 3, -6/15 HPs)
             Began as a Felid Wanderer on Feb 29, 2020.
             Mangled by a worm (11 damage)
             ... on level 2 of the Dungeon.
             The game lasted 00:04:31 (1979 turns).

Descartes the Scratcher (Felid Wanderer)            Turns: 1979, Time: 00:04:31

Health: -6/15      AC:  1    Str: 10    XL:     3   Next: 46%
Magic:  8/8        EV: 17    Int: 10    God:
Gold:   96         SH:  0    Dex: 17    Spells: 8/8 levels left
                                        Lives:  0   Deaths: 0

rFire    + . .     SeeInvis +     - Unarmed
rCold    x . .     Gourm    .   (shield unavailable)
rNeg     . . .     Faith    .   (armour unavailable)
rPois    .         Spirit   .   (helmet unavailable)
rElec    .         Reflect  .   (cloak unavailable)
rCorr    .         Harm     .   (gloves unavailable)
MR       .....                  (boots unavailable)
Stlth    +++.......             (no amulet)
HPRegen  0.05/turn              r - ring of fire
MPRegen  0.11/turn              (no ring)

@: quick
A: very small, no armour, no weapons or thrown items, stealth, claws 1, fangs 3,
see invisible, carnivore, speed 1, shaggy fur 1, slow metabolism 1, sharp paws
a: no special abilities


You were on level 2 of the Dungeon.
You were completely stuffed.

You visited 1 branch of the dungeon, and saw 2 of its levels.

You collected 96 gold pieces.

Inventory:

Missiles
 e - 45 arrows
 m - 7 stones
Jewellery
 r - a ring of fire (left paw)
Scrolls
 a - a scroll of blinking
 c - 2 scrolls of teleportation
 g - a scroll of identify {unknown}
 n - 3 scrolls of remove curse {unknown}
 o - a scroll of amnesia {unknown}
 q - a scroll of noise {unknown}
Potions
 b - a potion of heal wounds
 d - a potion of lignification
 h - a potion of ambrosia {unknown}
 i - 4 potions of curing {unknown}
 j - a potion of degeneration {unknown}
 k - a potion of agility {unknown}
 p - a potion of flight {unknown}
 s - a potion of might {unknown}
Comestibles
 f - 5 rations


   Skills:
 + Level 1.2 Fighting
 + Level 1.6 Dodging
 + Level 2.4 Stealth
 * Level 3.6 Unarmed Combat
 - Level 3.0 Spellcasting
   Level 1.0 Ice Magic
   Level 1.0 Poison Magic
   Level 1.1 Evocations


You had 8 spell levels left.
You didn't know any spells.
Your spell library was empty.

Dungeon Overview and Level Annotations

Branches:
Dungeon (2/15)

Altars:


Innate Abilities, Weirdness & Mutations

You cannot wear armour.
You are incapable of wielding weapons or throwing items.
Your paws allow you to move quietly. (Stealth)
You have sharp claws.
You have razor-sharp teeth.
You have supernaturally acute eyesight. (SInv)
You are carnivorous and can eat meat at any time.
You cover ground quickly.
You are covered in fur. (AC +1)
You have a slow metabolism.
Your sharp claws are effective at attacking unaware monsters.


Message History

There is an open door here.
A kobold comes into view. It is wielding a +0 long sword.
You scratch the worm.
The worm is lightly wounded.
The kobold throws a stone.
The stone barely misses you.
You scratch the worm.
The worm is moderately wounded.
The worm bites you.
You scratch the worm.
The worm is heavily wounded.
You barely miss the worm. You bite the worm.
The worm is severely wounded.
The worm bites you!
You are too injured to fight recklessly!
You are too injured to fight recklessly!
You scratch the worm.
The worm is severely wounded.
The worm bites you!
Ouch! That really hurt!
You die...

....# #.# ....#
#.######. .#
....###........ .#
.......######## .#
....##.# .# ....##.# .#
....##.# .# #.####.#
########w# #.# #..
....K..@.### #.## ###
######.....# ...########
#.....#
..........#####....)##
..............'.........
...........####.....###.
###........# #.....#
..'........# #######
###........#


You could see a worm and a kobold.

Vanquished Creatures
  An adder (D:2)
  An ooze (D:2)
  A dart slug (D:1)
  4 goblins (D:1)
  5 hobgoblins
  4 kobolds (D:1)
  A quokka (D:2)
  6 bats
  5 frilled lizards
  3 rats (D:1)
31 creatures vanquished.

Notes
Turn   | Place    | Note
-------+----------+-------------------------------------------
     0 | D:1      | Descartes the Felid Wanderer began the quest for the Orb.
     0 | D:1      | Descartes set off with the following items: a scroll of
                  | blinking, a potion of heal wounds, a scroll of
                  | teleportation, a potion of lignification, a ration
     0 | D:1      | Reached XP level 1. HP: 7/7 MP: 5/5
   348 | D:1      | Reached XP level 2. HP: 9/12 MP: 7/7
   366 | D:1      | Reached skill level 1 in Dodging
  1294 | D:1      | Reached skill level 1 in Fighting
  1498 | D:2      | Reached XP level 3. HP: 15/15 MP: 8/8
  1979 | D:2      | Mangled by a worm

Levels and vault maps discovered:
D:1:      giann_bridges, layout_loops_corners
D:2:      layout_basic, uniq_jessica, uniq_natasha

Skill      XL: |  1  2 |
---------------+-------+-----
Dodging        | 1 |  1.6
Stealth        | 2 |  2.4
Fighting       | 1 |  1.2
Unarmed Combat | |  3.6
Spellcasting   | |  3.0
Ice Magic      | |  1.0
Poison Magic   | |  1.0
Evocations     | |  1.1

Action                   || total
-------------------------++-------
Melee: Unarmed           ||    85
       Bite              ||     7
 Stab: Sleeping          ||    10
  Eat: Chunk             ||     9
Armor: Skin              ||    12
Dodge: Dodged            ||    82
